 Dungeon Crawl Stone Soup version 0.28.0-53-g5a82cb258f (webtiles) character file.

Game seed: 18233178496113351884

3532 DemonSlayer the Thaumaturge (level 9, -1/62 HPs)
             Began as a Demonspawn Fire Elementalist on July 25, 2022.
             Was a High Priest of Cheibriados.
             Slain by a yak (9 damage)
             ... on level 9 of the Dungeon.
             The game lasted 00:24:32 (11446 turns).

DemonSlayer the Thaumaturge (DsFE)                 Turns: 11446, Time: 00:24:33

Health: -1/62      AC: 13    Str: 21    XL:     9   Next: 82%
Magic:  2/21       EV: 19    Int: 35    God:    Cheibriados [*****.]
Gold:   205        SH:  0    Dex: 25    Spells: 3/24 levels left

rFire   + . .      SeeInvis .   E - +5 short sword of Inconvenience {freeze, rF+ Str+2 Int+3 Stlth+}
rCold   . . .      Faith    .   (no shield)
rNeg    . . .      Spirit   .   A - +2 robe
rPois   .          Reflect  .   (no helmet)
rElec   .          Harm     .   r - +0 cloak
rCorr   .          Rampage  .   j - +0 pair of gloves
Will    +....                   (no boots)
Stlth   ++++......              (no amulet)
HPRegen 0.20/turn               y - ring of willpower
MPRegen 0.17/turn               c - +4 ring of protection

@: mighty, agile, very slow
A: thin metallic scales 2, powered by pain 2, spiny 1, demonic touch 1
a: Renounce Religion, Bend Time, Temporal Distortion, Slouch, Step From Time


You were on level 9 of the Dungeon.
You worshipped Cheibriados.
Cheibriados was extremely pleased with you.
You visited 1 branch of the dungeon, and saw 9 of its levels.
You also visited: Sewer.

You collected 394 gold pieces.
You spent 189 gold pieces at shops.

Inventory:

Hand Weapons
 i - a +0 vampiric war axe
 v - a +2 whip of freezing
 E - the +5 short sword of Inconvenience (weapon) {freeze, rF+ Str+2 Int+3 Stlth+}
   (You took it off an orc on level 6 of the Dungeon)

   It freezes those it strikes, dealing additional cold damage.
   It can also slow down cold-blooded creatures.
   Str:       It affects your strength (+2).
   Int:       It affects your intelligence (+3).
   rF:        It protects you from fire.
   Stlth:     It makes you more stealthy.
Missiles
 u - 100 sling bullets
 z - 2 throwing nets
Armour
 j - a +0 pair of gloves (worn)
 r - a +0 cloak (worn)
 A - a +2 robe (worn)
Jewellery
 c - a +4 ring of protection (right hand)
 f - a ring of flight
 y - a ring of willpower (left hand)
Wands
 m - a wand of flame (39)
 o - a wand of mindburst (7)
 p - a wand of polymorph (25)
 D - a wand of digging (1)
 F - a wand of iceblast (13)
Scrolls
 a - a scroll of blinking {unknown}
 b - a scroll of holy word {unknown}
 d - 3 scrolls of enchant armour
 e - 3 scrolls of teleportation
 l - a scroll of fear
 x - a scroll of vulnerability
 G - a scroll of enchant weapon {unknown}
Potions
 g - 3 potions of brilliance
 h - a potion of curing
 k - 2 potions of ambrosia
 n - 4 potions of lignification
 s - a potion of attraction
 t - 2 potions of flight
 w - a potion of heal wounds
 B - 2 potions of cancellation
 C - a potion of mutation {unknown}


   Skills:
 + Level 2.5 Fighting
 + Level 1.3 Short Blades
 + Level 1.0(2.2) Axes
 + Level 3.1(3.2) Maces & Flails
 + Level 3.6 Dodging
 + Level 3.6 Stealth
 + Level 8.0 Spellcasting
 + Level 3.3 Conjurations
 + Level 7.6 Fire Magic
 + Level 1.3 Evocations


You had 3 spell levels left.
You knew the following spells:

 Your Spells              Type           Power      Damage    Failure   Level
a - Foxfire               Conj/Fire      100%       2x1d9     1%          1
b - Scorch                Fire           100%       2d10      1%          2
c - Conjure Flame         Conj/Fire      51%        6-21      1%          3
d - Olgreb's Toxic Radia  Pois           14%        N/A       30%         4
e - Flame Wave            Conj/Fire      51%        2d10      3%          4
f - Enfeeble              Hex            7%         N/A       100%        7

Your spell library contained the following spells:

 Spells                   Type           Power      Damage    Failure   Level
 Inner Flame              Hex/Fire       40%        N/A       1%          3
 Sting                    Tmut/Pois      56%        1d5       3%          1
 Poisonous Vapours        Pois/Air       28%        N/A       4%          2
 Confusing Touch          Hex            14%        N/A       9%          3
 Yara's Violent Unravell  Hex/Tmut       7%         3d5       63%         5


Dungeon Overview and Level Annotations

Branches:
Dungeon (9/15)             Temple (0/1) D:6             Orc (0/2) D:9
  Sewer (visited)
   Lair: D:8-11

Altars:
Cheibriados
Dithmenos
Hepliaklqana
Kikubaaqudgha
Makhleb
Ru
Trog
Uskayaw
Vehumet
Wu Jian
Yredelemnul

Shops:
D:5 ?   D:6 =


Innate Abilities, Weirdness & Mutations

You are mostly covered in thin metallic scales. (AC +3)
You sometimes gain power by taking damage.
You are partially covered in sharp spines.
Your touch may inflict minor irresistible damage on your foes.


Message History

The yak's fire resistance burns away.
You hear a roar!
Unknown command.
Flames lash the yak.
The yak is lightly wounded.
The yak's fire resistance burns away.
You hear a shout!
An acid dragon comes into view.
Unknown command.
Flames lash the yak.
The yak is heavily wounded.
The yak's fire resistance burns away.
The yak is struck by your spines. The yak gores you!
You focus on the pain.
You feel very mighty all of a sudden.
Unknown command.
Flames lash the yak.
The yak is burned terribly!
The yak is severely wounded.
The yak gores you but does no damage. The yak gores you.
The yak completely misses you.
Unknown command.
You are too injured to fight recklessly!
Okay, then.
As you read the scroll of fog, it crumbles to dust.
The scroll dissolves into smoke.
The yak is no longer more vulnerable to fire.
The yak closely misses you. The yak is struck by your spines.
The yak closely misses you. The yak is struck by your spines.
The yak gores you.
You puncture the yak! You freeze the yak.
You kill the yak!
Cheibriados thoroughly appreciates the change of pace.
The yak barely misses you. The yak gores you.
Your Spellcasting skill increases to level 8!
Unknown command.
The yak gores you!
* * * LOW HITPOINT WARNING * * *
A centaur comes into view.
The yak gores you but does no damage. The yak is struck by your spines.
The yak gores you!
You die...

...? ..........
...<..... .........
. ......... ...#
.......c######.....
#........§@YD§..D..
#..>.....§§Y§§.....
#.........#####.##.
### #######.### #
..## ###.#.#.###
...# #....###..#
...####.#)##.#.#
).....###..#...#
)#..#.#......###


You could see 2 yaks, an acid dragon and a centaur.

Vanquished Creatures
  Pikel (D:5)
  3 yaks (D:9)
  Sigmund (D:6)
  Menkaure (D:7)
  Duvessa (D:4)
  2 water moccasins
  2 orc warriors
  A necrophage (D:5)
  2 sky beasts
  An ogre (D:6)
  A phantom (D:6)
  2 scorpions
  A water moccasin skeleton (D:6)
  Dowan (D:4)
  A howler monkey (D:4)
  2 centaur skeletons
  A centaur zombie (D:5)
  2 hounds
  2 jellies
  2 bullfrog zombies
  8 orc priests
  Jessica (D:3)
  Ijyb (D:4)
  Natasha (thrice) (D:3)
  2 iguanas (D:5)
  6 orc wizards
  A hell rat (Sewer)
  A hound skeleton (D:5)
  A mummy (D:4)
  A howler monkey zombie (D:7)
  10 adders
  5 gnolls (D:6)
  A river rat (D:5)
  A white imp (D:8)
  An adder skeleton (D:4)
  3 worms
  3 dart slugs
  32 orcs
  4 endoplasms
  3 giant cockroaches
  16 hobgoblins
  7 kobolds
  5 quokkas
  12 ball pythons
  3 bats
  3 frilled lizards
  17 goblins
  14 rats
195 creatures vanquished.

Vanquished Creatures (collateral kills)
  3 foxfires
3 creatures vanquished.

Vanquished Creatures (others)
  316 foxfires
  4 plants
320 creatures vanquished.

Grand Total: 518 creatures vanquished

Notes
Turn   | Place    | Note
-------+----------+-------------------------------------------
     0 | D:1      | DemonSlayer the Demonspawn Fire Elementalist began the
                  | quest for the Orb.
     0 | D:1      | Reached XP level 1. HP: 13/13 MP: 3/3
   392 | D:1      | Gained mutation: You are partially covered in sharp spines.
                  | [demonic ancestry]
   392 | D:1      | Reached XP level 2. HP: 19/19 MP: 1/5
   395 | D:1      | Learned a level 2 spell: Scorch
  1642 | D:2      | Found a faded altar of an unknown god.
  1844 | D:2      | Gained mutation: You are partially covered in thin metallic
                  | scales. (AC +2) [demonic ancestry]
  1844 | D:2      | Reached XP level 3. HP: 24/24 MP: 0/6
  2791 | D:2      | Identified the -10 tower shield "Piuneax" {rN++ Will-}
  2972 | D:2      | Learned a level 3 spell: Conjure Flame
  3342 | D:3      | Noticed Jessica
  3346 | D:3      | Killed Jessica
  3347 | D:3      | Reached skill level 3 in Spellcasting
  3347 | D:3      | Reached XP level 4. HP: 30/30 MP: 4/8
  3480 | D:3      | Found a hazy altar of Hepliaklqana.
  3731 | D:3      | Noticed Natasha
  3737 | D:3      | Killed Natasha
  3819 | D:3      | Found a shadowy altar of Dithmenos.
  3916 | D:3      | Noticed Natasha
  3919 | D:3      | Killed Natasha
  3920 | D:3      | Reached XP level 5. HP: 35/35 MP: 1/10
  4188 | D:3      | Found an ornate altar of the Wu Jian Council.
  4719 | D:3      | Noticed Natasha
  4737 | D:3      | Killed Natasha
  4781 | D:3      | Learned a level 4 spell: Olgreb's Toxic Radiance
  4858 | D:4      | Found a bloodstained altar of Trog.
  4873 | D:4      | Noticed Ijyb
  4877 | D:4      | Killed Ijyb
  5095 | D:4      | Found a snail-covered altar of Cheibriados.
  5110 | D:4      | Became a worshipper of Cheibriados the Contemplative
  5116 | D:4      | Reached skill level 4 in Spellcasting
  5116 | D:4      | Gained mutation: You sometimes gain a little power by
                  | taking damage. [demonic ancestry]
  5116 | D:4      | Reached XP level 6. HP: 41/41 MP: 0/12
  5194 | D:4      | Noticed Duvessa
  5218 | D:4      | Noticed Dowan
  5230 | D:4      | Killed Duvessa
  5242 | D:4      | Killed Dowan
  5543 | D:4      | Found an ancient bone altar of Kikubaaqudgha.
  5869 | D:4      | You are sucked into a shaft and drop 3 floors!
  5949 | D:7      | Noticed Menkaure
  5956 | D:7      | Killed Menkaure
  5956 | D:7      | Reached * piety under Cheibriados
  5957 | D:7      | Reached skill level 1 in Maces & Flails
  5957 | D:7      | Gained mutation: You are mostly covered in thin metallic
                  | scales. (AC +3) [demonic ancestry]
  5957 | D:7      | Reached XP level 7. HP: 46/46 MP: 6/14
  6079 | D:5      | Entered Level 5 of the Dungeon
  6176 | D:5      | Found a glowing drain.
  6246 | Sewer    | Entered a sewer
  6427 | D:5      | Reached skill level 5 in Spellcasting
  6444 | D:5      | Found a sacrificial altar of Ru.
  6446 | D:5      | Noticed Pikel
  6469 | D:5      | Killed Pikel
  6470 | D:5      | Reached skill level 1 in Fighting
  6470 | D:5      | Reached skill level 5 in Fire Magic
  6470 | D:5      | Reached skill level 1 in Evocations
  6470 | D:5      | Gained mutation: You sometimes gain power by taking damage.
                  | [demonic ancestry]
  6470 | D:5      | Reached XP level 8. HP: 36/54 MP: 1/16
  6631 | D:5      | Reached ** piety under Cheibriados
  6674 | D:5      | Found Ynwuaggu's Magic Scroll Boutique.
  6684 | D:5      | Bought a scroll of enchant armour for 105 gold pieces
  6684 | D:5      | Bought a scroll of teleportation for 42 gold pieces
  6684 | D:5      | Bought a scroll of teleportation for 42 gold pieces
  6868 | D:5      | Learned a level 4 spell: Flame Wave
  7175 | D:5      | Reached skill level 6 in Spellcasting
  7652 | D:5      | Found a hide-covered altar of Uskayaw.
  7801 | D:5      | Found a burning altar of Makhleb.
  8048 | D:6      | Noticed Sigmund
  8053 | D:6      | Killed Sigmund
  8127 | D:6      | Gained mutation: Your touch may inflict minor irresistible
                  | damage on your foes. [demonic ancestry]
  8127 | D:6      | Reached XP level 9. HP: 53/61 MP: 12/19
  8151 | D:6      | Reached *** piety under Cheibriados
  8539 | D:6      | Found a staircase to the Ecumenical Temple.
  8989 | D:6      | Reached **** piety under Cheibriados
  9091 | D:6      | Reached skill level 7 in Spellcasting
  9315 | D:6      | Found Hoatsoima's Jewellery Shoppe.
  9481 | D:6      | Found a basalt altar of Yredelemnul.
  9526 | D:6      | Identified the +5 short sword of Inconvenience {freeze, rF+
                  | Str+2 Int+3 Stlth+}
  9709 | D:6      | Learned a level 7 spell: Enfeeble
 10235 | D:8      | Found a radiant altar of Vehumet.
 11088 | D:9      | Reached skill level 1 in Axes
 11288 | D:9      | Found a staircase to the Orcish Mines.
 11291 | D:9      | Reached ***** piety under Cheibriados
 11440 | D:9      | Reached skill level 1 in Short Blades
 11446 | D:9      | Reached skill level 8 in Spellcasting
 11446 | D:9      | Slain by a yak

Illustrated notes

Levels and vault maps discovered:
D:1:      heliophobic_arrival_battle_scene, layout_loops_cross
D:2:      layout_basic, shapermc_ecumenical_altar_acropolis
D:3:      layout_basic, grunt_dithmenos_smoke_and_mirrors,
          mainiacjoe_overflow_alcove_2, nicolae_hepliaklqana_hazy_memory,
          uniq_jessica, uniq_natasha
D:4:      layout_loops_corners, slow_altar_1, bloody_trog,
          kiku_gazebo_pond_becter, uniq_eustachio, uniq_blork_the_orc,
          uniq_ijyb, uniq_duvessa
D:5:      layout_loops_corners, kennysheep_little_box,
          makhleb_blood_cavern_becter, amcnicky_altar_gilded, serial_shops,
          nicolae_shop_statue_plus, lightli_sewer_entry_pipes,
          grunt_ministairs_10, uniq_pikel
D:6:      corexii_shantytown, layout_basic, mainiacjoe_overflow_small_starburst,
          minmay_temple_entry_ruins, serial_shops, nicolae_shop_behind_doors,
          uniq_sigmund
D:7:      layout_basic, uniq_menkaure
D:8:      layout_basic, mainiacjoe_overflow_catwalk
D:9:      layout_rooms, erik_orc_3, minivault_16, uniq_gastronok

Skill      XL: |  1  2  3  4  5  6  7  8  9 |
---------------+----------------------------+-----
Fire Magic     | 3 4 5 6 7 |  7.6
Spellcasting   | 3 4 5 6 8 |  8.0
Conjurations   | 2 3 |  3.3
Stealth        | 2 3 |  3.6
Dodging        | 2 3 |  3.6
Maces & Flails | 1 2 3 |  3.1
Fighting       | 1 2 |  2.5
Evocations     | 1 |  1.3
Axes           | 1 |  1.0
Short Blades   | 1 |  1.3

Action                   |  1- 3 |  4- 6 |  7- 9 || total
-------------------------+-------+-------+-------++-------
Melee: Unarmed           |     2 |       |       ||     2
       Mace              |    14 |    40 |    34 ||    88
       Whip              |       |       |    21 ||    21
       War axe           |       |       |     7 ||     7
       Short sword       |       |       |    34 ||    34
       Touch             |       |       |    11 ||    11
 Cast: Foxfire           |   127 |    53 |    26 ||   206
       Scorch            |       |    20 |   128 ||   148
       Conjure Flame     |       |     1 |     1 ||     2
Evoke: Wand              |       |    10 |     3 ||    13
  Use: Scroll            |     2 |     2 |    16 ||    20
       Potion            |       |     1 |       ||     1
 Stab: Sleeping          |       |     1 |     7 ||     8
       Distracted        |       |       |     1 ||     1
Armor: Robe              |     2 |    21 |    67 ||    90
       Skin              |       |    11 |       ||    11
Dodge: Dodged            |    16 |    24 |    98 ||   138
